 Dungeon Crawl Stone Soup version 0.32-a0-41-gec2d92a32c (webtiles) character file.

Game seed: 13550207536108752757

431 Newt the Insei (level 6, -6/42 HPs)
             Began as an Octopode Shapeshifter on Jan 25, 2024.
             Mangled by an ogre
             ... wielding a +0 giant club
              (29 damage)
             ... on level 4 of the Dungeon.
             The game lasted 00:03:33 (3837 turns).

Newt the Insei (Octopode Shapeshifter)              Turns: 3837, Time: 00:03:34

Health: -6/42      AC:  1    Str: 13    XL:     6   Next: 99%
Magic:  6/6        EV: 13    Int: 12    God:
Gold:   162        SH:  0    Dex: 14    Spells: 5/5 levels left

rFire   . .          .
                       - Unarmed
rCold   . . .        (no shield)
rNeg    . . .        (helmet currently unavailable)
rPois   .            (no amulet)
rElec   .            (no ring)
rCorr   .            (no ring)
SInv    .            (no ring)
Will    .....        (no ring)
Stlth   ++           (no ring)
HPRegen 0.27/turn    (no ring)
MPRegen 0.10/turn    (no ring)
                     (no ring)

%: no passive effects
@: beast-form
A: beast (slay +2), almost no armour, amphibious, 8 rings, camouflage 1,
gelatinous body 1, (nimble swimmer 1), tentacles
a: Begin Untransformation


You were on level 4 of the Dungeon.
You were a hulking beast.
You visited 1 branch of the dungeon, and saw 4 of its levels.

You collected 162 gold pieces.

Inventory:

Missiles
 i - 9 poisoned darts (quivered)
Jewellery
 k - a ring of ice
Talismans
 b - a beast talisman
 c - a flux talisman
Scrolls
 e - a scroll of vulnerability
 g - a scroll of brand weapon {unknown}
 h - a scroll of identify {unknown}
 j - 2 scrolls of butterflies
Potions
 a - a potion of lignification
 d - a potion of brilliance
 f - a potion of heal wounds {unknown}
 l - a potion of ambrosia {unknown}
 m - a potion of enlightenment {unknown}


   Skills:
 + Level 3.0 Fighting
 - Level 2.0 Dodging
 * Level 5.3 Unarmed Combat
 * Level 5.0 Shapeshifting


You had 5 spell levels left.
You didn't know any spells.
Your spell library contained the following spells:

 Spells                   Type           Power      Damage    Failure   Level
 Lesser Beckoning         Tloc           0%         N/A       45%         2
 Sublimation of Blood     Necr           0%         N/A       45%         2
 Gell's Gravitas          Tloc           0%         N/A       69%         3
 Ozocubu's Armour         Ice            0%         N/A       69%         3
 Teleport Other           Tloc           0%         N/A       69%         3
 Petrify                  Alch/Erth      0%         N/A       97%         4
 Irradiate                Conj/Alch      0%         3d11      100%        5
 Metabolic Englaciation   Hex/Ice        0%         N/A       100%        5
 Sculpt Simulacrum        Ice/Alch       0%         N/A       100%        6


Dungeon Overview and Level Annotations

Branches:
Dungeon (4/15)
 Temple: D:4-7

Altars:
Dithmenos
Kikubaaqudgha

Annotations:
D:3 1 runed translucent door, Crazy Yiuf


Innate Abilities, Weirdness & Mutations

You are a hulking beast.
Your limbs bulge with bestial killing power. (Slay +2)
You cannot wear most types of armour.
You are amphibious.
You can wear up to eight rings at the same time.
Your skin changes colour to match your surroundings (Stealth+).
Your rubbery body absorbs attacks. (AC +1, EV +1)
((You are camouflaged when in or above water. (Stealth+)))
You have tentacles for arms and can constrict up to eight enemies at once.


Message History

The endoplasm quivers.
You bludgeon the endoplasm!
You kill the endoplasm!
The ball python barely misses you. The ball python closely misses you. x2
The ball python grabs you. The ball python constricts you.
You tentacle-slap the ball python.
You kill the ball python!
No target in view!
No target in view!
No target in view!
An endoplasm is nearby!
You tentacle-slap the endoplasm.
You kill the endoplasm!
No target in view!
HP restored.
Found a stone staircase leading down.
Found 3 stones.
You now have 162 gold pieces (gained 12).
There is a stone staircase leading down here.
A kobold comes into view. It is wielding a +0 club.
Found a stone staircase leading up.
A hobgoblin and an ogre come into view.
The hobgoblin moves out of view.
The helpless kobold fails to defend itself.
You tentacle-slap the kobold. You grab the kobold.
You tentacle-slap the kobold.
You kill the kobold!
You tentacle-slap the ogre.
The ogre is lightly wounded.
The ogre hits you with a +0 giant club!!
You barely miss the ogre.
The hobgoblin shouts!
You tentacle-slap the ogre.
The ogre is lightly wounded.
You tentacle-slap the ogre.
The ogre is moderately wounded.
The hobgoblin shoots a sling bullet.
The sling bullet barely misses you.
The ogre hits you with a +0 giant club!!
Ouch! That really hurt!
You die...

#.........# ###### # #.
###.###########
##<..)..........
#....Oh......##
...............#
...............#
...............#########
g.......................
...............#########
.#............##
##............
##############


You could see an ogre and a hobgoblin.

Vanquished Creatures
  Sigmund (D:3)
  A phantom (D:4)
  A scorpion (D:4)
  A hound (D:4)
  Jessica (D:2)
  3 adders
  2 dart slugs
  3 ribbon worms
  4 orcs
  5 endoplasms
  3 giant cockroaches
  2 goblins
  4 hobgoblins
  7 kobolds
  2 quokkas (D:1)
  6 ball pythons
  A bat (D:2)
  7 rats
54 creatures vanquished.

Notes
Turn   | Place    | Note
-------+----------+-------------------------------------------
     0 | D:1      | Newt the Octopode Shapeshifter began the quest for the Orb.
     0 | D:1      | Reached XP level 1. HP: 13/13 MP: 1/1
   242 | D:1      | Reached XP level 2. HP: 16/18 MP: 2/2
   384 | D:1      | You fall into a shaft and drop 1 floor!
   528 | D:1      | Reached XP level 3. HP: 20/23 MP: 3/3
   761 | D:1      | Found a faded altar of an unknown god.
   947 | D:2      | Noticed Jessica
   959 | D:2      | Killed Jessica
   960 | D:2      | Reached XP level 4. HP: 16/29 MP: 4/4
  1485 | D:3      | Found a runed translucent door.
  1486 | D:3      | Noticed Crazy Yiuf
  1533 | D:3      | Noticed Sigmund
  1543 | D:3      | HP: 1/29 [something (7)]
  1694 | D:3      | Found an ancient bone altar of Kikubaaqudgha.
  2705 | D:3      | Killed Sigmund
  2706 | D:3      | Reached XP level 5. HP: 4/35 MP: 5/5
  2706 | D:3      | Reached XP level 6. HP: 5/41 MP: 6/6
  3400 | D:4      | Found a shadowy altar of Dithmenos.
  3509 | D:4      | Reached skill level 5 in Unarmed Combat
  3519 | D:4      | Reached skill level 5 in Shapeshifting
  3837 | D:4      | Mangled by an ogre

Illustrated notes

Levels and vault maps discovered:
D:1:      nagdon_arrival_double_spiral, layout_basic,
          shapermc_ecumenical_altar_hornbeckon, minivault_24,
          reono_crystal_passage, dreamdust_wishing_well,
          chequers_serial_rivers_small_b, hangedman_glass_teeth,
          amcnicky_mini_rare_corridor_liquid, interstate_on_off,
          minmay_stone_trees_small
D:2:      layout_rooms, uniq_jessica
D:3:      layout_basic, lemuel_crystal_altar, uniq_crazy_yiuf_cottage,
          uniq_sigmund
D:4:      layout_rooms, nzn_wu_jian_council_hall, overflow_temple_1_default

Skill      XL: |  1  2  3  4  5  6 |
---------------+-------------------+-----
Unarmed Combat | 4 5 |  5.3
Fighting       | 2 3 |  3.0
Shapeshifting  | 4 5 |  5.0
Dodging        | |  2.0

Action                     |  1- 3 |  4- 6 || total
---------------------------+-------+-------++-------
  Melee: Unarmed           |    61 |    61 ||   122
         Tentacles         |     7 |    14 ||    21
         Constrict         |    14 |    16 ||    30
         Punch             |     1 |     5 ||     6
  Throw: Dart              |       |     5 ||     5
    Use: Scroll            |       |     3 ||     3
         Potion            |       |     1 ||     1
   Stab: Sleeping          |     3 |     2 ||     5
 Armour: Skin              |    20 |    32 ||    52
  Dodge: Dodged            |    38 |    27 ||    65

Table legend: (Time is in decaauts)
 A = Elapsed time spent in this place.
 B = Non-inter-level travel time spent in this place.
 C = Inter-level travel time spent in this place.
 D = Time resting spent in this place.
 E = Time spent auto-exploring this place.
 F = Levels seen in this place.
 G = Mean time per level.
                   A        B        C        D        E       F      G
               +--------+--------+--------+--------+--------+-----+--------+
         Total |   3829 |   3743 |     86 |    997 |   2262 |   4 |  957.2 |
       Dungeon |   3829 |   3743 |     86 |    997 |   2262 |   4 |  957.2 |
               +--------+--------+--------+--------+--------+-----+--------+

Top non-repeatable levels by time:
     D:3: 1761 daAuts
     D:4: 821 daAuts
     D:1: 748 daAuts
     D:2: 498 daAuts
